 Dungeon Crawl Stone Soup version 0.24.0-13-gcf9b319 (webtiles) character file.

Game seed: 10699955680618267336, levelgen mode: deterministic

5902 Balder the Grappler (level 10, -1/84 HPs)
             Began as a Troll Fighter on May 24, 2020.
             Was a Believer of Hepliaklqana.
             Slain by Joseph
             ... wielding a +1 quarterstaff of protection
              (7 damage)
             ... on level 9 of the Dungeon.
             The game lasted 00:39:39 (6189 turns).

Balder the Grappler (Troll Fighter)                 Turns: 6189, Time: 00:39:40

Health: -1/84      AC:  8    Str: 24 (26) XL:     10   Next: 53%
Magic:  11/11      EV:  9    Int:  1 (4)  God:    Hepliaklqana [**....]
Gold:   581        SH:  9    Dex: 10 (12) Spells: 9/9 levels left

rFire    . . .     SeeInvis .     - Unarmed
rCold    + . .     Gourm    +   b - +0 shield
rNeg     . . .     Faith    .   J - +2 robe {rC+}
rPois    .         Spirit   .   (helmet restricted)
rElec    .         Reflect  .   (no cloak)
rCorr    +         Harm     .   (gloves unavailable)
MR       +....                  (boots unavailable)
Stlth    +.........             (no amulet)
HPRegen  0.64/turn              u - ring of protection from magic
MPRegen  0.12/turn              s - ring of resist corrosion

@: drained
A: large, unfitting armour, reduced essence, claws 3, fast metabolism 3,
gourmand, regeneration 1, shaggy fur 1, tough skin 3
a: Recall Ancestor, Ancestor Identity, Renounce Religion


You were on level 9 of the Dungeon.
You worshipped Hepliaklqana.
Hepliaklqana was pleased with you.
You were completely stuffed.

You visited 1 branch of the dungeon, and saw 8 of its levels.

You collected 581 gold pieces.

Inventory:

Hand Weapons
 a - a +2 mace of crushing
 p - a +0 whip
 C - a +2 dagger of venom
 D - a +3 dagger of pain
 G - a +0 morningstar
 I - a +3 spear of freezing
Missiles
 g - 17 boomerangs (quivered)
Armour
 b - a +0 shield (worn)
 J - a +2 robe of cold resistance (worn)
Jewellery
 j - an uncursed ring of see invisible
 s - a ring of resist corrosion (right claw)
 u - a ring of protection from magic (left claw)
Wands
 A - a wand of paralysis (1)
 F - a wand of random effects (14)
 H - a wand of digging (5)
Scrolls
 c - a scroll of holy word {unknown}
 h - 4 scrolls of teleportation
 k - 2 scrolls of fog
 l - a scroll of blinking {unknown}
 m - a scroll of noise {unknown}
 n - 2 scrolls of magic mapping {unknown}
 o - 4 scrolls of identify
 w - 2 scrolls of enchant armour {unknown}
 y - a scroll of remove curse {unknown}
 z - 3 scrolls of random uselessness {unknown}
 B - a scroll of fear {unknown}
Potions
 e - a potion of degeneration
 f - 2 potions of agility {unknown}
 q - 3 potions of heal wounds
 r - a potion of resistance {unknown}
 t - 2 potions of lignification {unknown}
 v - 3 potions of mutation {unknown}
 x - 2 potions of curing {unknown}
 E - a potion of flight {unknown}
Comestibles
 d - 15 rations
 i - 13 chunks of flesh


   Skills:
 * Level 4.9(3.9) Fighting
 * Level 4.3(3.3) Maces & Flails
 * Level 4.2(3.2) Throwing
 + Level 4.5(3.5) Dodging
 * Level 5.9(4.8) Shields
 * Level 10.0(8.8) Unarmed Combat
 * Level 3.8(2.8) Invocations


You had 9 spell levels left.
You didn't know any spells.
Your spell library contained the following spells:

 Spells                   Type           Power        Failure   Level  Hunger
 Magic Dart               Conj           #...         86%         1    ##.....
 Searing Ray              Conj           #.....       95%         2    ###....
 Dazzling Spray           Conj/Hex       #.....       99%         3    ####...
 Force Lance              Conj/Tloc      #.......     100%        4    #####..
 Fulminant Prism          Conj/Hex       #.........   100%        4    #####..
 Iskenderun's Mystic Bla  Conj           #.......     100%        4    #####..


Dungeon Overview and Level Annotations

Branches:
Dungeon (9/15)               Lair (0/6) D:8
 Temple: D:4-7          Orc: D:9-12

Altars:
Ashenzari
Dithmenos
Hepliaklqana
Kikubaaqudgha
Ru
Vehumet
Xom
Yredelemnul

Shops:
D:8 ?

Annotations:
D:9 Joseph


Innate Abilities, Weirdness & Mutations

You are too large for most types of armour.
You have claws for hands.
Your metabolism is lightning-fast.
You like to eat raw meat.
Your natural rate of healing is unusually fast.
You are covered in fur. (AC +1)
You have extremely tough skin. (AC +3)
Your life essence is reduced to manifest your ancestor. (-10% HP)


Message History

Joseph is heavily wounded.
Joseph hits you but does no damage.
You scratch Joseph.
Joseph is heavily wounded.
Joseph zaps a wand.
The bolt of acid hits you! You resist.
* * * LOW HITPOINT WARNING * * *
You are splashed with acid.
You resist.
* * * LOW HITPOINT WARNING * * *
You scratch Joseph but do no damage.
Joseph is heavily wounded.
Joseph barely misses you.
You scratch Joseph.
Joseph is severely wounded.
You scratch Joseph but do no damage.
Joseph is severely wounded.
Joseph zaps a wand.
The bolt of acid misses you.
You barely miss Joseph.
Joseph is heavily wounded.
Joseph hits you with a +1 quarterstaff of protection!
You die...

###### ......##########
######.......(((.#######
.......##..#####@@......
.......###.# #########
.......# #.###
.......###...# ##
####....##.#
############..
#...###....#
##.....#......#
#..#.######..#
##.)...........#
#.##....# #..#
#......<........ #.
####.##
#.####..............[


You could see Joseph.

Vanquished Creatures
  An elephant (D:8)
  A troll (D:9)
  Grinder (D:5)
  2 hippogriffs
  A basilisk (D:8)
  5 yaks
  A hungry ghost (D:9)
  A sky beast (D:4)
  A black bear (D:8)
  2 orc warriors (D:9)
  3 ice beasts
  4 ogres
  A centaur (D:5)
  A crocodile (D:8)
  3 bullfrogs
  A big kobold (D:7)
  A wyvern zombie (D:7)
  4 scorpions
  A howler monkey (D:5)
  3 wights (D:9)
  2 crimson imps
  A bullfrog zombie (D:5)
  6 orc priests
  2 centaur zombies
  A jelly (D:5)
  A gnoll shaman (D:7)
  10 orc wizards
  A worker ant (D:8)
  2 hound skeletons
  Robin (D:4)
  4 gnolls (D:7)
  9 adders
  3 shadow imps
  2 oozes
  2 adder zombies
  2 worms (D:2)
  2 dart slugs
  5 leopard geckos
  35 orcs
  A ball python (D:3)
  3 giant cockroaches
  9 goblins
  6 hobgoblins
  4 jackals
  11 kobolds
  3 quokkas
  4 bats
  5 frilled lizards
  4 rats
179 creatures vanquished.

Vanquished Creatures (collateral kills)
  2 hippogriffs
  A yak (D:8)
  2 phantoms
  A centaur (D:9)
  2 wights (D:9)
  A bullfrog zombie (D:7)
  A hound (D:7)
  A jelly (D:5)
  An orc wizard (D:7)
  A gnoll (D:7)
  8 orcs
  A giant cockroach (D:4)
  A goblin (D:4)
  3 quokkas
26 creatures vanquished.

Vanquished Creatures (others)
  4 battlemagi (D:9)
  4 ancestors
  A withered plant (D:7)
9 creatures vanquished.

Grand Total: 214 creatures vanquished

Notes
Turn   | Place    | Note
-------+----------+-------------------------------------------
     0 | D:1      | Balder the Troll Fighter began the quest for the Orb.
     0 | D:1      | Reached XP level 1. HP: 22/22 MP: 0/0
   117 | D:1      | Reached XP level 2. HP: 29/29 MP: 1/1
   668 | D:2      | Reached XP level 3. HP: 30/36 MP: 2/2
   849 | D:2      | Found a radiant altar of Vehumet.
  1324 | D:3      | Reached XP level 4. HP: 35/45 MP: 3/3
  1722 | D:3      | Found a basalt altar of Yredelemnul.
  1747 | D:3      | Found a shimmering altar of Xom.
  1751 | D:3      | Found a hazy altar of Hepliaklqana.
  1895 | D:3      | Became a worshipper of Hepliaklqana the Forgotten
  1943 | D:4      | Noticed Robin
  1953 | D:4      | Killed Robin
  2014 | D:4      | Reached skill level 1 in Throwing
  2014 | D:4      | Reached skill level 3 in Unarmed Combat
  2014 | D:4      | Reached XP level 5. HP: 41/47 MP: 4/4
  2600 | D:5      | Entered Level 5 of the Dungeon
  2605 | D:5      | Noticed an ice beast
  2611 | D:5      | Reached skill level 1 in Maces & Flails
  2615 | D:5      | Reached XP level 6. HP: 40/54 MP: 5/5
  2627 | D:5      | Killed an ice beast
  2627 | D:5      | Reached skill level 4 in Unarmed Combat
  2676 | D:5      | Reached skill level 1 in Invocations
  2676 | D:5      | Noticed a sky beast
  2763 | D:4      | Killed a sky beast
  2769 | D:4      | Reached XP level 7. HP: 27/60 MP: 6/6
  2855 | D:5      | Noticed Grinder
  3175 | D:5      | Reached skill level 5 in Unarmed Combat
  3183 | D:5      | Killed Grinder
  3341 | D:5      | You fall into a shaft and drop 3 floors!
  3365 | D:8      | Reached * piety under Hepliaklqana
  3376 | D:8      | Reached XP level 8. HP: 70/70 MP: 5/8
  3420 | D:7      | Reached skill level 6 in Unarmed Combat
  3750 | D:7      | Reached skill level 7 in Unarmed Combat
  3982 | D:7      | Noticed a hippogriff
  3989 | D:7      | Killed a hippogriff
  3989 | D:7      | Reached XP level 9. HP: 70/75 MP: 9/9
  4004 | D:7      | Found a shattered altar of Ashenzari.
  4335 | D:7      | Found an ancient bone altar of Kikubaaqudgha.
  4524 | D:7      | Found a sacrificial altar of Ru.
  4555 | D:7      | Reached skill level 8 in Unarmed Combat
  4767 | D:8      | Reached ** piety under Hepliaklqana
  4768 | D:8      | Found Feajiteu's Magic Scroll Boutique.
  4997 | D:8      | Found a shadowy altar of Dithmenos.
  5022 | D:8      | Found a staircase to the Lair.
  5022 | D:8      | Noticed an elephant
  5035 | D:8      | Killed an elephant
  5035 | D:8      | Reached skill level 5 in Shields
  5036 | D:8      | Remembered your ancestor Azul as a battlemage
  5369 | D:8      | Reached skill level 9 in Unarmed Combat
  5433 | D:8      | Reached XP level 10. HP: 72/84 MP: 11/11
  6165 | D:9      | Reached skill level 10 in Unarmed Combat
  6167 | D:9      | Noticed Joseph
  6185 | D:9      | HP: 4/84 [acid (5)]
  6189 | D:9      | Slain by Joseph

Levels and vault maps discovered:
D:1:      lemuel_arrival_hallway, layout_loops_ring
D:2:      layout_loops_ring, vehumet_crystals, grunt_ministairs_8,
          minmay_between
D:3:      layout_rooms, grunt_temple_overflow_open, first_ration,
          kennysheep_doodads
D:4:      layout_basic, minmay_misc_feat_plants, uniq_robin
D:5:      layout_cave_pools, uniq_grinder
D:7:      layout_gridville, kiku_gazebo_garden_becter,
          cheibrodos_ashenzari_chains, kennysheep_mini, enter_ossuary_5
D:8:      layout_basic, nicolae_dithmenos_shadow_blocks, david_lair_generic,
          serial_shops, shop
D:9:      layout_rooms, kennysheep_little_box, minmay_orc_entry_temple_small,
          special_room [special_room_orc], uniq_joseph, uniq_erica

Skill      XL: |  1  2  3  4  5  6  7  8  9 10 |
---------------+-------------------------------+-----
Fighting       | 3 4 |  4.9
Shields        | 3 4 5 |  5.9
Throwing       | 1 2 3 4 |  4.2
Unarmed Combat | 3 4 5 7 9 10 | 10.0
Maces & Flails | 1 2 4 |  4.3
Dodging        | 3 4 |  4.5
Invocations    | 1 2 3 |  3.8

Action                   |  1- 3 |  4- 6 |  7- 9 | 10-12 || total
-------------------------+-------+-------+-------+-------++-------
Melee: Unarmed           |   131 |   125 |   214 |   147 ||   617
Throw: Boomerang         |       |       |    22 |     7 ||    29
Invok: Ancestor Identity |       |     1 |       |       ||     1
       Recall Ancestor   |       |       |     1 |       ||     1
       Ancestor Life: Ba |       |       |     1 |       ||     1
Evoke: Wand              |       |       |     2 |     2 ||     4
  Use: Scroll            |       |     2 |     7 |       ||     9
       Potion            |       |     1 |     1 |     2 ||     4
 Stab: Distracted        |       |       |     4 |     1 ||     5
       Paralysed         |       |       |     1 |       ||     1
  Eat: Chunk             |    18 |    10 |    28 |    12 ||    68
Armor: Robe              |    39 |    36 |    46 |    28 ||   149
Dodge: Dodged            |    26 |    50 |    78 |    53 ||   207
Block: Shield            |    50 |    51 |   105 |    75 ||   281
